 Dungeon Crawl Stone Soup version 0.27-a0-1228-gfd60fd639a (webtiles) character file.

Game seed: 9608449059420186537

37 dickylongcocking the Slasher (level 3, -1/28 HPs)
             Began as a Djinni Gladiator on June 7, 2021.
             Slain by Crazy Yiuf
             ... wielding a +4 quarterstaff of chaos
              (12 damage)
             ... on level 2 of the Dungeon.
             The game lasted 00:00:55 (1873 turns).

dickylongcocking the Slasher (Djinni Gladiator)     Turns: 1873, Time: 00:00:55

Health: -1/28      AC:  5    Str: 13    XL:     3   Next: 62%
Gold:   83         EV: 12    Int: 10    God:
                   SH:  0    Dex: 14

rFire    + + .     SeeInvis .   a - +0 long sword
rCold    x . .     Faith    .   (no shield)
rNeg     . . .     Spirit   .   b - +0 leather armour
rPois    ∞         Reflect  .   c - +0 helmet
rElec    .         Harm     .   (no cloak)
rCorr    .         Rampage  .   i - +0 pair of gloves
Will     .....                  (boots unavailable)
Stlth    +.........             (no amulet)
HPRegen  0.09/turn              (no ring)
MPRegen  0.00/turn              (no ring)

@: confused, flying
A: sickness immunity, fire resistance 2, cold vulnerability 1, float, innate
caster, hp casting, extra vitality 1
a: no special abilities


You were on level 2 of the Dungeon.
You visited 1 branch of the dungeon, and saw 2 of its levels.

You collected 83 gold pieces.

Inventory:

Hand Weapons
 a - a +0 long sword (weapon)
Missiles
 d - 3 throwing nets (quivered)
Armour
 b - a +0 leather armour (worn)
 c - a +0 helmet (worn)
 i - a +0 pair of gloves (worn)
Scrolls
 e - 3 scrolls of identify {unknown}
 h - a scroll of fog {unknown}
Potions
 f - a potion of magic {unknown}
 g - a potion of haste {unknown}
 j - a potion of degeneration {unknown}
 k - a potion of brilliance {unknown}
 l - a potion of curing {unknown}


   Skills:
 * Level 2.0 Fighting
 * Level 3.9 Long Blades
 - Level 1.5 Throwing
 - Level 3.2 Dodging
 + Level 0.0 Spellcasting


You had one spell level left.
You knew the following spells:

 Your Spells              Type           Power      Damage    Failure   Level
a - Magic Dart            Conj           0%         1d3       43%         1
Your spell library was empty.

Dungeon Overview and Level Annotations

Branches:
Dungeon (2/15)

Altars:

Annotations:
D:2 Crazy Yiuf


Innate Abilities, Weirdness & Mutations

You are immune to sickness and miasma.
You are immune to poison.
Your flesh is very heat resistant. (rF++)
You are vulnerable to cold. (rC-)
You float through the air rather than walking.
You learn spells naturally, not from books.
Your magical power is your life essence.
You have superior vitality. (+4 HP)


Message History

No target in view!
l - a yellow potion No target in view!
You reach down and open the door.
There is an open door here.
There is an open door here.
There is an open door here.
You reach down and open the door.
There is an open door here.
Key pressed, stopping explore.
No target in view!
There is an open door here.
There is a stone staircase leading down here.
There is an open door here.
There is an open door here.
Crazy Yiuf shouts!
Could not explore, unopened runed door.
No reachable target in view!
Could not explore, unopened runed door.
No reachable target in view!
Could not explore, unopened runed door.
No reachable target in view!
You reach down and open the door.
Casting: Magic Dart (safe; 43% risk of failure)
Confirm with . or Enter, or press ? or * to list all spells.
Aiming: Magic Dart (safe; 43% risk of failure)
Press: ? - help, Shift-Dir - straight line, f - Crazy Yiuf
Aim: Crazy Yiuf, wielding a +4 quarterstaff of chaos and wearing a +0 cloak (100% to hit)
The magic dart hits Crazy Yiuf but does no damage.
Crazy Yiuf hits you with a +4 quarterstaff of chaos!
You are confused.
You hit Crazy Yiuf but do no damage.
Crazy Yiuf says, "Papa tortoise Orb Guardian!"
Crazy Yiuf hits you with a +4 quarterstaff of chaos!
Crazy Yiuf freezes you.
Unknown command.
Okay, then.
You bump into the tree.
Crazy Yiuf hits you with a +4 quarterstaff of chaos!
You die...

...##...##
##+..+#
#.##.....
.......##
#....#
#.##.###.
.#####.#
♣.P.P♣
#.##.# #. .#
#.# ♣.P.♣♣
#.##.###. .#
##'## ♣♣.♣♣
#........ .#
##...## ♣.♣♣
####.##.#
####.....##
♣♣.♣ #.##.#
##.......##
♣.♣♣ #....#
##.........#
♣♣@♣
#######....#
.'.........#
#g#
#...........
##.........#
...
#######..).#
##.......##
#...# #....#
##.<...##
#..)#
###.###
#####...##
#####
#......
...###'##
#.#.### ##.#
#.# ###
#.#.# #
#.###.#####
#.#
#########


You could see Crazy Yiuf.

Vanquished Creatures
  An adder (D:2)
  A worm (D:2)
  2 endoplasms (D:1)
  A goblin (D:2)
  A hobgoblin (D:2)
  3 quokkas
  4 ball pythons
  4 bats
  7 kobolds
  4 rats
28 creatures vanquished.

Notes
Turn   | Place    | Note
-------+----------+-------------------------------------------
     0 | D:1      | dickylongcocking the Djinni Gladiator began the quest for
                  | the Orb.
     0 | D:1      | Reached XP level 1. HP: 18/18 MP: 0/0
   262 | D:1      | Reached XP level 2. HP: 19/23 MP: 0/0
   976 | D:2      | Found a runed translucent door.
   977 | D:2      | Noticed Crazy Yiuf
  1124 | D:2      | Reached XP level 3. HP: 10/28 MP: 0/0
  1124 | D:2      | Learned a level 1 spell: Magic Dart
  1873 | D:2      | Slain by Crazy Yiuf

Illustrated notes

Levels and vault maps discovered:
D:1:      matt_arrival_grand_opening, layout_basic
D:2:      layout_loops_corners, kennysheep_donut, uniq_crazy_yiuf_cottage

Skill      XL: |  1 |
---------------+----+-----
Long Blades    | 3 |  3.9
Fighting       | |  2.0
Throwing       | |  1.5
Dodging        | |  3.2

Action                   || total
-------------------------++-------
Melee: Long sword        ||    65
 Cast: Magic Dart        ||     6
 Stab: Sleeping          ||     1
Armor: Leather armour    ||    31
Dodge: Dodged            ||    48
       Rpst.: Long sword ||    15

Table legend: (Time is in decaauts)
 A = Elapsed time spent in this place.
 B = Non-inter-level travel time spent in this place.
 C = Inter-level travel time spent in this place.
 D = Time resting spent in this place.
 E = Time spent auto-exploring this place.
 F = Levels seen in this place.
 G = Mean time per level.
                   A        B        C        D        E       F      G
               +--------+--------+--------+--------+--------+-----+--------+
         Total |   1888 |   1856 |     32 |      0 |   1663 |   2 |  944.0 |
       Dungeon |   1888 |   1856 |     32 |      0 |   1663 |   2 |  944.0 |
               +--------+--------+--------+--------+--------+-----+--------+

Top non-repeatable levels by time:
     D:2: 1224 daAuts
     D:1: 663 daAuts
